 Dungeon Crawl Stone Soup version 0.19-a0-1899-g2d93087 (webtiles) character file.

143 dobroeutro the Bolt Thrower (level 5, -2/33 HPs)
             Began as a Kobold Hunter on Oct 19, 2016.
             Succumbed to dobroeutro's ghost's poison
             ... on level 3 of the Dungeon.
             The game lasted 00:04:57 (3024 turns).

dobroeutro the Bolt Thrower (Kobold Hunter)         Turns: 3024, Time: 00:04:58

Health: -2/33      AC:  3    Str: 11    XL:     5   Next: 50%
Magic:  5/5        EV: 14    Int: 12    God:
Gold:   76         SH:  0    Dex: 15    Spells: 0 memorised, 4 levels left

rFire  . . .     SeeInvis .     a - +2 hand crossbow
rCold  . . .     Gourm    .     c - +0 leather armour
rNeg   . . .     Faith    .     (shield restricted)
rPois  .         Spirit   .     (no helmet)
rElec  .         Reflect  .     (no cloak)
rCorr  .         Harm     .     (no gloves)
MR     .....                    (no boots)
Stlth  ++........               (no amulet)
                                (no ring)
                                (no ring)

@: lethally poisoned (-2 -> -31)
A: carnivore 3
a: no special abilities


You were on level 3 of the Dungeon.
You were completely stuffed.

You visited 1 branch of the dungeon, and saw 3 of its levels.

You collected 76 gold pieces.

Inventory:

Hand Weapons
 a - a +2 hand crossbow (weapon)
 b - a +0 short sword
 p - a +0 blowgun
Missiles
 d - 54 bolts (quivered)
 q - 6 poisoned needles
Armour
 c - a +0 leather armour (worn)
Jewellery
 o - an uncursed amulet of harm {unknown}
Scrolls
 j - a scroll of enchant weapon
 m - a scroll of identify {unknown}
Potions
 i - a potion of mutation {unknown}
 k - 3 potions of curing
 l - a potion of degeneration {unknown}
Comestibles
 f - 2 meat rations
 g - 3 chunks of flesh


   Skills:
 + Level 3.9 Fighting
 + Level 3.3 Short Blades
 + Level 5.8 Crossbows
 - Level 2.4 Dodging
 - Level 1.3 Stealth


You had 4 spell levels left.
You didn't know any spells.

Dungeon Overview and Level Annotations

Branches:
Dungeon (3/15)

Altars:
Sif Muna
Yredelemnul

Annotations:
D:1 1 exclusion
D:3 dobroeutro's ghost, amateur KoHu


Innate Abilities, Weirdness & Mutations

You are small and have problems with some larger weapons.
You are carnivorous and can eat meat at any time.


Message History

The hobgoblin looks more healthy.
You are too injured to fight recklessly!
There are no items here.
Firing (i - inventory):
d - 56 bolts (quivered)
Press: ? - help, Shift-Dir - straight line, f/p - dobroeutro's ghost
Aim: dobroeutro's ghost, wielding a weapon of venom You shoot a bolt.
The bolt hits dobroeutro's ghost!
Dobroeutro's ghost is moderately damaged.
* * * LOW HITPOINT WARNING * * *
You feel sick. Dobroeutro's ghost hits you.
* * * LOW HITPOINT WARNING * * *
You are more poisoned.
Unknown command.
Firing (i - inventory):
d - 55 bolts (quivered)
Press: ? - help, Shift-Dir - straight line, f/p - dobroeutro's ghost
Aim: dobroeutro's ghost, wielding a weapon of venom (moderately damaged)
You shoot a bolt. The bolt misses dobroeutro's ghost.
The bolt hits the hobgoblin.
You kill the hobgoblin!
You die...

#..#.#### #.#
..##. #.# .. ..
#.# .. ##.#####
.. #......#
#......# .?
#......#
....#####......#
((o(.(W@#......#
....###........#
) ###....###
#....# ##...#
#####


You could see dobroeutro's ghost and an orc.

Vanquished Creatures
  5 adders
  3 oozes
  5 worms
  2 ball pythons
  5 bats
  3 giant cockroaches
  13 goblins
  7 hobgoblins
  10 jackals
  2 quokkas
  3 frilled lizards
  5 kobolds
  5 rats
68 creatures vanquished.

Notes
Turn   | Place    | Note
-------+----------+-------------------------------------------
     0 | D:1      | dobroeutro the Kobold Hunter began the quest for the Orb.
     0 | D:1      | Reached XP level 1. HP: 12/12 MP: 1/1
    38 | D:1      | Reached skill level 5 in Crossbows
    38 | D:1      | Reached XP level 2. HP: 17/18 MP: 2/2
    58 | D:1      | Reached skill level 1 in Short Blades
   100 | D:1      | You fall through a shaft!
   285 | D:1      | Reached XP level 3. HP: 16/22 MP: 3/3
  1451 | D:2      | Reached XP level 4. HP: 19/28 MP: 4/4
  1800 | D:2      | Found a deep blue altar of Sif Muna.
  2345 | D:3      | Noticed dobroeutro's ghost (amateur KoHu)
  2396 | D:3      | Reached XP level 5. HP: 22/33 MP: 5/5
  2899 | D:3      | Found a basalt altar of Yredelemnul.
  3023 | D:3      | HP: 1/33 [dobroeutro's ghost (6)]
  3024 | D:3      | Succumbed to dobroeutro's ghost's poison

Vault maps used:
D:1:      erik_arrival_gehennom, minmay_misc_feat_diagonals
D:2:      led_sif_pool, serial_glass, glass_columns_c, glass_columns_a,
          due_unseen_surprise, item_on_display_a, minivault_24,
          roderic_aztec_sauvastika
D:3:      minmay_diamond_boxcup, lemuel_doored_altar, uniq_grinder

Skill      XL: |  1  2  3  4  5 |
---------------+----------------+-----
Crossbows      | 5 |  5.8
Short Blades   | 1 2 3 |  3.3
Fighting       | 3 |  3.9
Dodging        | |  2.4
Stealth        | |  1.3

Action                   |  1- 3 |  4- 6 || total
-------------------------+-------+-------++-------
Melee: Short sword       |   156 |   125 ||   281
 Fire: Hand crossbow     |       |    29 ||    29
       Blowgun           |       |    11 ||    11
  Use: Scroll            |       |     5 ||     5
       Potion            |       |     1 ||     1
 Stab: Sleeping          |     2 |     2 ||     4
  Eat: Chunk             |     8 |     7 ||    15
Armor: Leather armour    |    23 |    25 ||    48
Dodge: Dodged            |   104 |   103 ||   207
